 Dungeon Crawl Stone Soup version 0.31.0-12-g77e489cdc1 (webtiles) character file.

Game seed: 12629473717063642029

12315 spaghetti the Severer (level 12, 0/103 HPs)
             Began as a Formicid Fighter on Feb 20, 2024.
             Was an Initiate of Gozag.
             Slain by a fire elemental (5 damage)
             ... led by Azrael
             ... on level 11 of the Dungeon.
             The game lasted 00:13:38 (11398 turns).

spaghetti the Severer (Formicid Fighter)           Turns: 11398, Time: 00:13:40

Health: 0/103      AC: 16    Str: 25    XL:     12   Next: 18%
Magic:  12/12      EV:  9    Int:  9    God:    Gozag
Gold:   1055       SH:  7    Dex: 22    Spells: 11/11 levels left

rFire   . . .        v - +4 war axe (elec)
rCold   + + .        c - +1 buckler
rNeg    . . .        D - +0 ice dragon scales
rPois   .            (helmet unavailable)
rElec   .            (no cloak)
rCorr   .            m - +0 pair of gloves
SInv    +            y - +2 pair of boots of Purpose {rF+ Dex+3}
Will    +....        (no amulet) Stlth
                     j - +6 ring of dexterity
HPRegen 0.37/turn    (no ring)
MPRegen 0.13/turn

%: no passive effects
@: gold aura
A: permanent stasis, dig shafts and tunnels, antennae 3, four strong arms,
iridescent scales 1, passive freeze
a: Dig, Shaft Self, Renounce Religion, Potion Petition, Call Merchant, Bribe
Branch


You were on level 11 of the Dungeon.
You worshipped Gozag.
Gozag was most pleased with you.
You visited 1 branch of the dungeon, and saw 12 of its levels.

You collected 2285 gold pieces.
You spent 359 gold pieces at shops.
You paid 871 gold pieces to Gozag.

Inventory:

Hand Weapons
 a - a +0 war axe
 g - a +1 spectral club
 l - a +1 whip of venom
 q - a +0 broad axe
 v - a +4 war axe of electrocution (weapon)
Missiles
 u - a throwing net
Armour
 b - a +0 scale mail
 c - a +1 buckler (worn)
 m - a +0 pair of gloves (worn)
 s - a +0 kite shield
 t - +0 swamp dragon scales
 y - the +2 pair of boots of Purpose (worn) {rF+ Dex+3}
   (You found it on level 9 of the Dungeon)

   Dex+3:     It affects your dexterity (+3).
   rF+:       It protects you from fire.
 D - +0 ice dragon scales (worn)
Jewellery
 j - a +6 ring of dexterity (left hand)
 o - an amulet of the acrobat
Wands
 f - a wand of charming (10)
 p - a wand of flame (10)
 z - a wand of digging (5)
 E - a wand of roots (3)
Scrolls
 e - 6 scrolls of teleportation
 h - a scroll of revelation
 i - 3 scrolls of immolation
 n - a scroll of fog
 r - a scroll of amnesia
 A - 2 scrolls of identify
 C - a scroll of silence {unknown}
 F - a scroll of poison
Potions
 d - 4 potions of brilliance
 k - 6 potions of curing
 w - 2 potions of ambrosia {unknown}
 x - a potion of mutation
 B - a potion of enlightenment
 H - a potion of attraction {unknown}


   Skills:
 + Level 12.4 Fighting
 + Level 16.2 Axes
 - Level 3.2 Armour
 - Level 4.0 Shields


You had 11 spell levels left.
You didn't know any spells.
Your spell library contained the following spells:

 Spells                   Type           Power      Damage    Failure   Level
 Kiss of Death            Conj/Necr      0%         2d5       80%         1
 Confusing Touch          Hex            0%         N/A       99%         3
 Volatile Blastmotes      Fire/Tloc      0%         2d10      99%         3
 Animate Armour           Summ/Erth      0%         N/A       100%        4
 Dispel Undead            Necr           0%         3d6       100%        4
 Fulminant Prism          Conj/Alch      0%         3d5       100%        4
 Iskenderun's Mystic Bla  Conj/Tloc      0%         2d3       100%        4
 Summon Lightning Spire   Summ/Air       0%         N/A       100%        4
 Lee's Rapid Deconstruct  Erth           0%         3d4*      100%        5


Dungeon Overview and Level Annotations

Branches:
Dungeon (12/15)            Temple (0/1) D:6            Lair (0/5) D:10
    Orc (0/2) D:9

Altars:
Cheibriados
Dithmenos
Gozag
Hepliaklqana
Kikubaaqudgha
Okawaru
Qazlal
Ru
Trog
Wu Jian
Zin

Shops:
D:9 [(([   D:10 *(

Annotations:
D:11 Azrael
D:12 Nessos


Innate Abilities, Weirdness & Mutations

You cannot be hasted, slowed, berserked, paralysed or teleported.
You can dig through walls and to a lower floor.
You have a pair of large antennae on your head. (SInv)
Your four strong arms can wield two-handed weapons with a shield.
You are partially covered in iridescent scales. (AC +2)
A frigid envelope surrounds you and freezes all who hurt you.


Message History

You kill the hell hound!
Unknown command.
Unknown command.
Unknown command.
You slice Azrael!!
Azrael is heavily wounded.
You hit the fire elemental. You closely miss the fire elemental.
The fire elemental hits you. The fire elemental burns you!
The fire elemental is frozen!
The fire elemental is very cold.
You destroy the fire elemental!
The fire elemental hits you. The fire elemental burns you!
The fire elemental is frozen!
The fire elemental is very cold.
The fire elemental is moderately damaged.
Azrael hits you but does no damage.
Azrael is frozen!
Azrael is very cold.
Azrael is heavily wounded.
Unknown command.
You hit Azrael.
Azrael is heavily wounded.
You completely miss the fire elemental. The fire elemental hits you.
The fire elemental burns you!
* * * LOW HITPOINT WARNING * * *
The fire elemental is frozen!
The fire elemental is very cold.
The fire elemental is severely damaged.
Azrael hits you with a +2 scimitar of flaming!
* * * LOW HITPOINT WARNING * * *
Azrael burns you.
* * * LOW HITPOINT WARNING * * *
Azrael is frozen!
Azrael is very cold.
Azrael is severely wounded.
Unknown command.
Okay, then.
Okay, then.
As you read the scroll of fear, it crumbles to dust.
You assume a fearsome visage.
Azrael looks frightened!
The fire elemental is unaffected.
The fire elemental completely misses you.
Azrael is distracted by your dazzling golden aura.
The fire elemental hits you. The fire elemental burns you!
You die...
Your body crumbles into a pile of gold.

................# #...'..
................# #...#..
.....#####......# #...#..
.....#...#......# #...##'
.....'.).#......##### #......
.....#...#..........#######...#'#
.....#...#................[...#..
.....#####.......$............#..
...............E@R............#..
...............$..............#..
..........####................###
..........# #...................
##........# ###.................
#........# #.................
#........# #.................
########## ##################


You could see Azrael (fleeing) and a fire elemental.

Vanquished Creatures
  A two-headed ogre (D:9)
  Pikel (D:7)
  A manticore (D:11)
  Maurice (D:8)
  A gargoyle (D:11)
  Maggie (D:9)
  A kobold demonologist (D:11)
  Jeremiah (D:6)
  Psyche (D:8)
  Grinder (D:3)
  5 trolls
  A wraith (D:9)
  2 wyverns
  8 yaks
  A steam dragon (D:9)
  2 fire elementals
  2 basilisks (D:10)
  Menkaure (D:7)
  An acid dragon (D:11)
  A hell hound (D:11)
  A water moccasin (D:8)
  Duvessa (D:7)
  2 orc warriors
  2 ice beasts
  A black bear (D:6)
  An ogre (D:6)
  6 centaurs (D:11)
  6 kobold brigands
  A phantom (D:5)
  2 bullfrogs
  4 gnoll sergeants
  9 wights (D:8)
  Dowan (D:7)
  18 killer bees
  5 howler monkeys
  6 hounds
  A jelly (D:7)
  3 bombardier beetles
  4 orc priests
  2 gnoll boudas
  Jessica (D:2)
  An iguana (D:7)
  A sleepcap (D:8)
  7 orc wizards
  Robin (D:3)
  25 gnolls
  7 adders
  A shadow imp (D:7)
  2 white imps (D:8)
  2 ufetubi (D:7)
  6 dart slugs
  25 orcs
  6 bats
  7 endoplasms
  3 giant cockroaches
  12 hobgoblins
  2 jackals (D:4)
  2 quokkas (D:2)
  8 ball pythons
  7 frilled lizards
  20 goblins
  27 kobolds
  4 rats
  A spectral kobold (D:8)
288 creatures vanquished.

Notes
Turn   | Place    | Note
-------+----------+-------------------------------------------
     0 | D:1      | spaghetti the Formicid Fighter began the quest for the Orb.
     0 | D:1      | Reached XP level 1. HP: 18/18 MP: 1/1
    95 | D:1      | Reached XP level 2. HP: 24/24 MP: 2/2
   247 | D:1      | Reached skill level 3 in Axes
   247 | D:1      | Reached XP level 3. HP: 19/29 MP: 3/3
   723 | D:2      | Reached skill level 4 in Axes
   723 | D:2      | Reached XP level 4. HP: 35/35 MP: 4/4
   896 | D:2      | Noticed Jessica
   900 | D:2      | Killed Jessica
  1242 | D:2      | Reached XP level 5. HP: 42/42 MP: 5/5
  1457 | D:3      | Noticed Robin
  1492 | D:3      | Killed Robin
  1662 | D:3      | Found an iron altar of Okawaru.
  1665 | D:3      | Noticed Grinder
  1694 | D:3      | Killed Grinder
  1695 | D:3      | Reached XP level 6. HP: 28/53 MP: 6/6
  1795 | D:3      | Found a glowing silver altar of Zin.
  1795 | D:3      | Found an opulent altar of Gozag.
  1802 | D:3      | Became a worshipper of Gozag Ym Sagoz the Greedy
  1912 | D:3      | HP: 2/53 [gnoll bouda/+0 whip (6)]
  1914 | D:3      | Reached XP level 7. HP: 3/59 MP: 7/7
  2181 | D:3      | Found a stormy altar of Qazlal.
  2710 | D:3      | Found a faded altar of an unknown god.
  2721 | D:3      | Found a snail-covered altar of Cheibriados.
  2911 | D:4      | Reached skill level 5 in Axes
  3675 | D:5      | Entered Level 5 of the Dungeon
  3685 | D:5      | Gained mutation: You have hidden genetic potential. [potion
                  | of mutation]
  3689 | D:5      | Reached skill level 13 in Axes
  3689 | D:5      | Reached XP level 8. HP: 67/67 MP: 8/8
  3885 | D:5      | Found a sacrificial altar of Ru.
  4017 | D:5      | Reached XP level 9. HP: 57/72 MP: 9/9
  4214 | D:5      | Found an ancient bone altar of Kikubaaqudgha.
  4214 | D:5      | Found a shadowy altar of Dithmenos.
  4879 | D:6      | Gained mutation: A frigid envelope surrounds you and
                  | freezes all who hurt you. [hidden potential]
  4945 | D:6      | Found a staircase to the Ecumenical Temple.
  5226 | D:6      | Noticed a troll
  5230 | D:6      | Killed a troll
  5265 | D:6      | Noticed Jeremiah
  5295 | D:6      | Killed Jeremiah
  5296 | D:6      | Reached skill level 14 in Axes
  5833 | D:6      | Found an ornate altar of the Wu Jian Council.
  6551 | D:7      | Reached XP level 10. HP: 61/82 MP: 10/10
  6590 | D:7      | Gained mutation: You are partially covered in iridescent
                  | scales. (AC +2) [hidden potential]
  6590 | D:7      | Lost mutation: You have hidden genetic potential. [hidden
                  | potential expressed]
  6614 | D:7      | Noticed Menkaure
  6626 | D:7      | Killed Menkaure
  6832 | D:7      | Noticed Duvessa
  6832 | D:7      | Noticed Dowan
  6842 | D:7      | Killed Duvessa
  6843 | D:7      | Killed Dowan
  6851 | D:7      | Identified the +2 spear "Goblinslayer" {flame, Str+3}
  6950 | D:7      | Noticed Pikel
  6966 | D:7      | Killed Pikel
  7354 | D:8      | Noticed Maurice
  7364 | D:8      | Maurice stole an amulet of the acrobat
  7364 | D:8      | Killed Maurice
  7563 | D:8      | Noticed Psyche
  7569 | D:8      | Killed Psyche
  7698 | D:8      | Reached skill level 10 in Fighting
  7853 | D:8      | Reached XP level 11. HP: 76/89 MP: 11/11
  8048 | D:8      | Found a hazy altar of Hepliaklqana.
  8108 | D:9      | Reached skill level 15 in Axes
  8441 | D:9      | Noticed Maggie
  8454 | D:9      | Killed Maggie
  8458 | D:9      | Noticed a two-headed ogre
  8469 | D:10     | Entered Level 10 of the Dungeon
  8469 | D:10     | Found Xyodilor's Antique Weapon Shop.
  8703 | D:10     | Found a staircase to the Lair.
  8727 | D:9      | Killed a two-headed ogre
  8763 | D:9      | Bought a +3 war axe of electrocution for 359 gold pieces
  8874 | D:9      | Found a staircase to the Orcish Mines.
  8874 | D:9      | Found Gesh's Armour Shop.
  8874 | D:9      | Found Fareo's Weapon Shop.
  9018 | D:9      | Identified the +2 pair of boots of Purpose {rF+ Dex+3}
  9397 | D:9      | Found Utwum's Antique Armour Shoppe.
  9824 | D:10     | Found a bloodstained altar of Trog.
  9841 | D:10     | Found Jopul's Island Escapes.
  9999 | D:10     | Identified the +1 pair of boots of Decompression {Rampage
                  | Dex-4 SInv}
 10755 | D:11     | Reached skill level 16 in Axes
 10755 | D:11     | Reached XP level 12. HP: 97/102 MP: 12/12
 11389 | D:12     | Noticed Azrael
 11392 | D:12     | Noticed Nessos
 11397 | D:11     | HP: 5/103 [Azrael/+2 scimitar of flaming (3)]
 11398 | D:11     | Slain by a fire elemental

Illustrated notes

Levels and vault maps discovered:
D:1:      ncdulo_halloftheorcs, layout_basic, minmay_bisected
D:2:      layout_loops_cross, serial_bayou_pond_d, uniq_jessica
D:3:      layout_loops_corners, grunt_temple_overflow_gold_and_silver,
          nicolae_overflow_hidden_temple, kennysheep_slug_shrine,
          mainiacjoe_overflow_brackets, hellmonk_ecumenical_altar_run_dry,
          uniq_robin, uniq_grinder
D:4:      layout_basic
D:5:      layout_loops_cross, hangedman_ru_absence, minitemple,
          kennysheep_pointless_box
D:6:      layout_cave_pods, nzn_wu_jian_contemplation, temple_statues,
          minmay_chambers_of_fives, uniq_jeremiah
D:7:      layout_rooms, uniq_menkaure, uniq_pikel, uniq_duvessa
D:8:      layout_rooms, nicolae_hepliaklqana_monster_ancestors, uniq_maurice,
          uniq_psyche
D:9:      layout_basic, orc_david_3, enter_bailey_5, serial_shops,
          nicolae_shop_behind_doors, uniq_maggie
D:10:     layout_rooms, amcnicky_altar_gilded, david_lair_generic, serial_shops,
          shop, nicolae_zen_rock_garden, nicolae_island_escapes
D:11:     layout_irregular_city
D:12:     statuecave_lemuel, layout_irregular_city, drop_trap,
          grunt_decor_clamped, minmay_variable_closet, uniq_snorg, uniq_erolcha,
          uniq_azrael, uniq_nessos

Skill      XL: |  1  2  3  4  5  6  7  8  9 10 11 |
---------------+----------------------------------+-----
Axes           | 3 4 13 14 16 | 16.2
Fighting       | 6 7 8 10 12 | 12.4
Armour         | |  3.2
Shields        | |  4.0

Action                     |  1- 3 |  4- 6 |  7- 9 | 10-12 || total
---------------------------+-------+-------+-------+-------++-------
  Melee: War axe           |    64 |    10 |       |   109 ||   183
         Club              |       |   116 |   122 |     8 ||   246
         Whip              |       |       |   138 |    67 ||   205
         Broad axe         |       |       |       |   142 ||   142
 Invoke: Potion Petition   |       |       |       |     1 ||     1
         Call Merchant     |       |       |       |     1 ||     1
  Evoke: Wand              |       |       |       |     5 ||     5
    Use: Potion            |       |     1 |    11 |       ||    12
         Scroll            |       |       |    10 |     6 ||    16
   Stab: Distracted        |       |     1 |     5 |     3 ||     9
 Armour: Scale mail        |    40 |    76 |   153 |   171 ||   440
         Ice dragon scales |       |       |       |    63 ||    63
  Dodge: Dodged            |    29 |    51 |    92 |    98 ||   270
  Block: Buckler           |    20 |    29 |    58 |    97 ||   204
